 Dungeon Crawl Stone Soup version 0.29-a0-994-gc5c9f59d18 (webtiles) character file.

Game seed: 12486097938672637462

145 vurker the Trooper (level 5, -4/46 HPs)
             Began as a Minotaur Enchanter on Aug 3, 2022.
             Was a Believer of Fedhas.
             Killed by divine providence
             ... invoked by an orc priest
              (17 damage)
             ... on level 3 of the Dungeon.
             The game lasted 00:02:33 (2642 turns).

vurker the Trooper (Minotaur Enchanter)             Turns: 2642, Time: 00:02:34

Health: -4/46      AC:  5    Str: 14    XL:     5   Next: 6%
Magic:  6/6        EV: 12    Int: 12    God:    Fedhas [**....]
Gold:   87         SH:  0    Dex: 11    Spells: 6/6 levels left

rFire   . . .      SeeInvis .   a - +1 dagger
rCold   . . .      Faith    .   (no shield)
rNeg    . . .      Spirit   .   b - +0 robe
rPois   .          Reflect  .   (helmet restricted)
rElec   .          Harm     .   (no cloak)
rCorr   .          Rampage  .   (no gloves)
Will    .....                   h - +2 pair of boots
Stlth   ++........              (no amulet)
HPRegen 0.15/turn               (no ring)
MPRegen 0.10/turn               (no ring)

@: no status effects
A: horns 2, retaliatory headbutt
a: Renounce Religion, Wall of Briars


You were on level 3 of the Dungeon.
You worshipped Fedhas.
Fedhas was pleased with you.
You visited 1 branch of the dungeon, and saw 3 of its levels.

You collected 87 gold pieces.

Inventory:

Hand Weapons
 a - a +1 dagger (weapon)
Armour
 b - a +0 robe (worn)
 h - a +2 pair of boots (worn)
   (You found it on level 2 of the Dungeon)
Scrolls
 f - a scroll of enchant armour {unknown}
 g - 5 scrolls of identify {unknown}
 i - 4 scrolls of teleportation {unknown}
Potions
 c - 2 potions of invisibility
 d - 5 potions of curing {unknown}
 e - a potion of lignification {unknown}


   Skills:
 + Level 3.6 Fighting
 - Level 1.1 Short Blades
 + Level 2.0 Armour
 + Level 3.0 Dodging
 - Level 2.4 Stealth
 - Level 1.3 Spellcasting
 - Level 2.0 Hexes
 + Level 2.2 Invocations


You had 6 spell levels left.
You didn't know any spells.
Your spell library contained the following spells:

 Spells                   Type           Power      Damage    Failure   Level
 Ensorcelled Hibernation  Hex/Ice        6%         N/A       28%         2
 Confusing Touch          Hex            5%         N/A       36%         3
 Tukima's Dance           Hex            5%         N/A       36%         3
 Dazzling Flash           Conj/Hex       6%         N/A       50%         3


Dungeon Overview and Level Annotations

Branches:
Dungeon (3/15)

Altars:
Ashenzari
Cheibriados
Fedhas
Yredelemnul


Innate Abilities, Weirdness & Mutations

You have a pair of horns on your head.
You reflexively headbutt those who attack you in melee.


Message History

You kill the goblin!
Fedhas appreciates your contribution to the ecosystem.
You hit the frilled lizard.
You kill the frilled lizard!
Fedhas appreciates your contribution to the ecosystem.
You hit the orc priest.
You headbutt the orc priest, but do no damage.
The orc priest casts a cantrip, but nothing happens.
You hit the orc priest. You hit the orc priest.
A nearby fungus withers and dies.
The orc priest enters a dispersal trap!
The orc wizard blinks!
You blink.
An iguana comes into view.
The orc priest blinks!
You walk carefully through the fungus.
The iguana hisses angrily.
The orc priest begins to cast a cantrip, but forgets the words!
The iguana barely misses you.
Found a sling.
Found a broken altar of Ashenzari.
The orc priest hits the fungus with a +3 flail!
The fungus begins to die.
The iguana misses you. You furiously retaliate!
You headbutt the iguana!
Something hits the fungus!
The fungus begins to die.
The iguana attacks as you move away! The iguana bites you!
You hit the iguana. Your headbutt misses the iguana. The iguana bites you!
* * * LOW HITPOINT WARNING * * *
You hit the iguana but do no damage. The iguana bites you!
* * * LOW HITPOINT WARNING * * *
You completely miss the iguana. The iguana closely misses you.
You hit the iguana.
The iguana bites you but does no damage.
You hit the iguana. The iguana closely misses you.
You hit the iguana.
You kill the iguana!
Fedhas appreciates your contribution to the ecosystem.
Your Armour skill increases to level 2!
Your Dodging skill increases to level 3!
You have reached level 5!
You open the door.
The orc wizard points at you and mumbles some strange words.
The magic dart hits you.
* * * LOW HITPOINT WARNING * * *
There is an open door here.
Something unseen breaks down the door.
You barely miss the orc priest. You hit the orc priest.
Your headbutt misses the orc priest.
The orc priest mumbles some strange prayers to Beogh against you.
Beogh smites you!
You die...
Fedhas appreciates your contribution to the ecosystem.

##.#....PPP.P..#
#.##..........#
#
#.P.PPPPP..####
#.............##
##...##...#.#..#
#..#####'####†#
#.. '.......'.#
## #.≈)..≈o#.#
#.≈._.≈@#o#
#.≈...≈.#.#
+.......o.#
####+######


You could see an orc priest and an orc wizard.

Vanquished Creatures
  A hound (D:2)
  An iguana (D:3)
  2 adders (D:2)
  A worm (D:3)
  2 dart slugs (D:2)
  2 orcs (D:3)
  8 bats
  4 endoplasms
  4 giant cockroaches
  3 hobgoblins
  4 quokkas
  8 ball pythons
  7 frilled lizards
  6 goblins
  6 kobolds
  5 rats
64 creatures vanquished.

Vanquished Creatures (others)
  5 fungi (D:3)
5 creatures vanquished.

Grand Total: 69 creatures vanquished

Notes
Turn   | Place    | Note
-------+----------+-------------------------------------------
     0 | D:1      | vurker the Minotaur Enchanter began the quest for the Orb.
     0 | D:1      | Reached XP level 1. HP: 14/14 MP: 1/1
   167 | D:1      | Reached skill level 1 in Fighting
   795 | D:1      | Reached XP level 2. HP: 24/24 MP: 3/3
   854 | D:1      | Found a faded altar of an unknown god.
   872 | D:1      | Prayed at the altar of an unknown god.
   872 | D:1      | Became a worshipper of Fedhas Madash
   872 | D:1      | Reached * piety under Fedhas
  1120 | D:1      | Reached skill level 1 in Invocations
  1503 | D:2      | Reached XP level 3. HP: 27/30 MP: 4/4
  1657 | D:2      | Identified the +2 robe of Foolhardiness {Rampage rF- Regen+
                  | Int+2}
  1661 | D:2      | Found a snail-covered altar of Cheibriados.
  1909 | D:2      | Reached ** piety under Fedhas
  1985 | D:2      | Reached skill level 1 in Armour
  1985 | D:2      | Reached XP level 4. HP: 38/38 MP: 5/5
  2605 | D:3      | Found a basalt altar of Yredelemnul.
  2620 | D:3      | Found a broken altar of Ashenzari.
  2633 | D:3      | Reached XP level 5. HP: 12/46 MP: 6/6
  2642 | D:3      | Killed from afar by an orc priest

Illustrated notes

Levels and vault maps discovered:
D:1:      amcnicky_arrival_flooded_fountain, layout_basic,
          ebering_ecumenical_altar_hall, serial_bayou_pond_e,
          minmay_small_reverse_x
D:2:      layout_basic, basic_altar
D:3:      layout_loops_ring, mainiacjoe_overflow_six_doors_small,
          mainiacjoe_overflow_cross_hatched, serial_shops, shop,
          nicolae_elevator_lobby_asterisk, uniq_ijyb, uniq_natasha

Skill      XL: |  1  2  3  4 |
---------------+-------------+-----
Fighting       | 2 3 |  3.6
Invocations    | 1 2 |  2.2
Armour         | 1 2 |  2.0
Dodging        | 3 |  3.0
Short Blades   | |  1.1
Stealth        | |  2.4
Spellcasting   | |  1.3
Hexes          | |  2.0

Action                   |  1- 3 |  4- 6 || total
-------------------------+-------+-------++-------
Melee: Dagger            |   100 |    52 ||   152
       Headbutt          |    12 |     7 ||    19
 Stab: Sleeping          |     6 |     4 ||    10
Armor: Robe              |    23 |    13 ||    36
Dodge: Dodged            |    78 |    22 ||   100

Table legend: (Time is in decaauts)
 A = Elapsed time spent in this place.
 B = Non-inter-level travel time spent in this place.
 C = Inter-level travel time spent in this place.
 D = Time resting spent in this place.
 E = Time spent auto-exploring this place.
 F = Levels seen in this place.
 G = Mean time per level.
                   A        B        C        D        E       F      G
               +--------+--------+--------+--------+--------+-----+--------+
         Total |   2637 |   2584 |     53 |      0 |   2153 |   3 |  879.0 |
       Dungeon |   2637 |   2584 |     53 |      0 |   2153 |   3 |  879.0 |
               +--------+--------+--------+--------+--------+-----+--------+

Top non-repeatable levels by time:
     D:1: 1487 daAuts
     D:2: 1083 daAuts
     D:3: 66 daAuts
